[Event "January 9 Early 2024"]
[Site "https://www.chess.com"]
[Date "2024.01.11"]
[Round "4"]
[White "Petersson, Kjell"]
[Black "Morales Garcia, Sergio Joshafatt"]
[Result "0-1"]
[Board "208"]
[TimeControl "180+1"]
[WhiteFideId "1705148"]
[BlackFideId "5106249"]
[WhiteElo "2133"]
[BlackElo "2443"]
[WhiteTeam "SWE"]
[BlackTeam "MEX"]
[WhiteClock "0:00:10"]
[BlackClock "0:00:32"]

1. d4 d5 2. Bf4 Nf6 3. e3 c5 4. Nd2 e6 5. c3 Bd6 6. Bg3 O-O 7. Ngf3 Qc7 8. Bxd6 Qxd6 9. Ne5 Nc6 10. f4 Nd7 11. Bd3 Ne7 12. O-O f6 13. Nxd7 Bxd7 14. Nf3 Nc6 15. Qb1 f5 16. Ne5 Nxe5 17. fxe5 Qe7 18. Qe1 c4 19. Be2 b5 20. a3 a5 21. Rf3 b4 22. axb4 axb4 23. Rxa8 Rxa8 24. Rf1 bxc3 25. bxc3 Qa3 26. Qc1 Qxc1 27. Rxc1 Ra2 28. Kf1 Kf7 29. Ke1 Ba4 30. g3 Kg6 31. h3 Kf7 32. Kf1 g5 33. Bh5+ Kg7 34. Kg1 Bb3 35. g4 Bc2 36. gxf5 Bxf5 37. Bg4 Kg6 38. Kf1 h5 39. Bxf5+ Kxf5 40. Rb1 Rc2 41. Rb6 Rxc3 42. Ke2 Rc2+ 43. Kf3 g4+ 44. hxg4+ hxg4+ 45. Kg3 Re2 46. Rb8 Rxe3+ 47. Kf2 Rf3+ 48. Ke2 c3 49. Rf8+ Ke4 50. Rg8 Rf4 51. Kd1 Kxd4 52. Rg6 Kxe5 53. Rg5+ Ke4 54. Kc2 d4 55. Rg6 e5 0-1

[Event "January 9 Early 2024"]
[Site "https://www.chess.com"]
[Date "2024.01.11"]
[Round "4"]
[White "Ambartsumova, Karina"]
[Black "Gruzman, Ilya"]
[Result "0-1"]
[Board "209"]
[TimeControl "180+1"]
[WhiteFideId "4166299"]
[BlackFideId "2812703"]
[WhiteElo "2596"]
[BlackElo "2420"]
[WhiteTeam "RUS"]
[BlackTeam "ISR"]
[WhiteClock "0:00:02"]
[BlackClock "0:00:19"]

1. d4 Nf6 2. c4 g6 3. Nc3 Bg7 4. g3 d6 5. Bg2 O-O 6. Nf3 c5 7. O-O Nc6 8. d5 Na5 9. Qd3 e6 10. e4 exd5 11. cxd5 a6 12. a4 Nb3 13. Rb1 Nxc1 14. Rfxc1 Rb8 15. b4 cxb4 16. Rxb4 Nd7 17. Ne2 Nc5 18. Qb1 Bd7 19. Ned4 Bxa4 20. e5 a5 21. Rb6 dxe5 22. Rxc5 exd4 23. Nd2 d3 24. Rxb7 Rxb7 25. Qxb7 Bc2 26. Be4 Bd4 27. Rxc2 dxc2 28. Bxc2 Qc8 29. Qb3 Qc3 30. Ne4 Qxb3 31. Bxb3 Rb8 32. Ba4 Rb4 33. Bc6 a4 34. d6 a3 35. d7 Bb6 36. Nf6+ Kg7 37. Nd5 Rb1+ 38. Kg2 Bd8 39. Nc3 Rc1 40. Na2 Rxc6 41. Nb4 Rb6 42. Na2 Rb2 43. Nc3 a2 0-1

[Event "January 9 Early 2024"]
[Site "https://www.chess.com"]
[Date "2024.01.11"]
[Round "4"]
[White "Sakun, Volodymyr"]
[Black "Garcia Correa, Jose Ricardo"]
[Result "1-0"]
[Board "210"]
[TimeControl "180+1"]
[WhiteFideId "14114062"]
[BlackFideId "5101832"]
[WhiteElo "2615"]
[BlackElo "2217"]
[WhiteTeam "UKR"]
[BlackTeam "MEX"]
[WhiteClock "0:00:17"]
[BlackClock "0:00:01"]

1. Nf3 Nf6 2. c4 g6 3. Nc3 Bg7 4. d4 d6 5. e4 c6 6. h3 Qc7 7. Be2 Nbd7 8. Be3 e5 9. d5 c5 10. g4 a6 11. Nd2 Nf8 12. g5 N6d7 13. h4 f5 14. f3 f4 15. Bf2 h5 16. a3 b6 17. Kf1 Nh7 18. Kg2 O-O 19. b4 Qd8 20. Qa4 Bb7 21. Rab1 Rf7 22. Kh2 Bf8 23. Bf1 Be7 24. Bh3 Nhf8 25. Rb2 Kh7 26. Rhb1 b5 27. Qb3 Rb8 28. cxb5 axb5 29. Nxb5 Ba6 30. Nc3 Bd3 31. Rd1 Qc7 32. b5 c4 33. Qb4 Nc5 34. b6 Qb7 35. Nxc4 Bxc4 36. Bxc5 dxc5 37. Qxc4 Bd6 38. a4 Nd7 39. a5 Qa8 40. Qb5 c4 41. b7 Qa7 42. Bxd7 Bc5 43. a6 Bd4 44. Rc1 Rxd7 45. Qxd7+ Kh8 46. Qc8+ Kh7 47. Qxc4 1-0

[Event "January 9 Early 2024"]
[Site "https://www.chess.com"]
[Date "2024.01.11"]
[Round "4"]
[White "Hoffmann, Asa"]
[Black "Niemann, Hans Moke"]
[Result "0-1"]
[Board "211"]
[TimeControl "180+1"]
[WhiteFideId "2001470"]
[BlackFideId "2093596"]
[WhiteElo "2383"]
[BlackElo "3061"]
[WhiteTeam "USA"]
[BlackTeam "USA"]
[WhiteClock "0:00:11"]
[BlackClock "0:00:21"]

1. d4 Nf6 2. Bg5 d5 3. Nd2 c5 4. e3 Qb6 5. dxc5 Qxc5 6. Ngf3 Nc6 7. c3 Ne4 8. Bf4 Qb6 9. Qb3 Nxd2 10. Kxd2 Qa5 11. Qb5 f6 12. Qxa5 Nxa5 13. h4 e5 14. Bg3 h5 15. Bb5+ Kf7 16. Rhd1 Be6 17. Ke1 Be7 18. Nd2 a6 19. Be2 Nc6 20. Rac1 g6 21. f3 Rhd8 22. Bf2 Rac8 23. Nb3 b5 24. Bd3 f5 25. Be2 Rg8 26. g3 Rgd8 27. f4 Bf6 28. fxe5 Nxe5 29. Nd4 Bd7 30. Nf3 Nc4 31. Bxc4 dxc4 32. Nd4 a5 33. a3 Rb8 34. Ra1 Be8 35. Ke2 Rb7 36. Be1 Re7 37. Bf2 Rb8 38. Be1 Bd7 39. Kf2 Rbe8 40. Bd2 f4 41. gxf4 Bxh4+ 42. Kg2 g5 43. Nf3 Bc6 44. fxg5 Bxg5 45. Rf1 Kg6 46. Rae1 Bxe3 47. Bxe3 Rxe3 48. Rxe3 Rxe3 49. Kg3 Kf5 50. Rf2 h4+ 51. Kg2 Kf4 0-1

[Event "January 9 Early 2024"]
[Site "https://www.chess.com"]
[Date "2024.01.11"]
[Round "4"]
[White "Yurasov, Matfey"]
[Black "Plyasunov, Daniil"]
[Result "1-0"]
[Board "212"]
[TimeControl "180+1"]
[WhiteFideId "55617603"]
[BlackFideId "44133839"]
[WhiteElo "2557"]
[BlackElo "2735"]
[WhiteTeam "FID"]
[BlackTeam "RUS"]
[WhiteClock "0:00:05"]
[BlackClock "0:00:01"]

1. e4 c6 2. d3 d5 3. Nd2 e5 4. Ngf3 Bd6 5. g3 Nf6 6. Bg2 O-O 7. O-O Nbd7 8. Re1 Re8 9. b3 a5 10. Bb2 a4 11. bxa4 Rxa4 12. c4 Ra8 13. cxd5 cxd5 14. exd5 Nxd5 15. Nc4 Bb4 16. Re2 Nc3 17. Bxc3 Bxc3 18. Rc1 Bb4 19. Qb3 Bf8 20. Ncxe5 Nxe5 21. Nxe5 Be6 22. Qxb7 Rxa2 23. Rxa2 Bxa2 24. Qb2 Qa5 25. d4 f6 26. Nc4 Bxc4 27. Rxc4 Re1+ 28. Bf1 Qd5 29. Rc8 Qd6 30. Qc2 h6 31. Kg2 Qd5+ 32. f3 Qd6 33. Bc4+ Kh8 34. Qd2 Ra1 35. Qd3 Ra7 36. Qe4 Rc7 37. Rxc7 Qxc7 38. Qd5 1-0

[Event "January 9 Early 2024"]
[Site "https://www.chess.com"]
[Date "2024.01.11"]
[Round "4"]
[White "Kolmagorov, Alexey"]
[Black "Barria Santos, Jose Guilherme"]
[Result "1-0"]
[Board "213"]
[TimeControl "180+1"]
[WhiteFideId "34129402"]
[BlackFideId "1939300"]
[WhiteElo "2381"]
[BlackElo "2512"]
[WhiteTeam "RUS"]
[BlackTeam "POR"]
[WhiteClock "0:00:14"]
[BlackClock "0:00:09"]

1. d4 Nf6 2. c4 e6 3. g3 c5 4. d5 exd5 5. cxd5 d6 6. Nc3 g6 7. Bg2 Bg7 8. Nf3 O-O 9. O-O Re8 10. Re1 a6 11. a4 Nbd7 12. Bf4 Ne4 13. Nxe4 Rxe4 14. Qc2 Rb4 15. Ra2 Qb6 16. a5 Qb5 17. Bxd6 Rxb2 18. Rxb2 Qxb2 19. Qxb2 Bxb2 20. Rb1 Bc3 21. e4 Bxa5 22. e5 Bb4 23. e6 Nf6 24. Ng5 fxe6 25. Nxe6 b6 26. Be7 Kf7 27. d6 Bxe6 28. Bxa8 Nd7 29. Bc6 a5 30. Rc1 c4 31. Bxd7 Bxd7 32. Rxc4 Bc5 33. Rf4+ Ke6 34. Kf1 a4 35. Ke2 a3 36. Kd2 a2 37. Bf6 Bxd6 38. Rf3 Bc6 39. Rd3 Kxf6 40. Rxd6+ Ke5 41. Rxc6 a1=Q 42. Rc3 Qb2+ 43. Rc2 Qxc2+ 44. Kxc2 Ke4 45. f4 Kf3 46. Kc3 Kg2 47. g4 1-0

[Event "January 9 Early 2024"]
[Site "https://www.chess.com"]
[Date "2024.01.11"]
[Round "4"]
[White "Korchmar, Vasiliy"]
[Black "Parfenov, Viktor N."]
[Result "1-0"]
[Board "214"]
[TimeControl "180+1"]
[WhiteFideId "24131750"]
[BlackFideId "4165969"]
[WhiteElo "2717"]
[BlackElo "2531"]
[WhiteTeam "RUS"]
[BlackTeam "RUS"]
[WhiteClock "0:00:02"]
[BlackClock "0:00:32"]

1. e4 e5 2. Nf3 Nc6 3. Bc4 Nf6 4. d3 Bc5 5. c3 O-O 6. Bg5 h6 7. Bh4 Be7 8. O-O d6 9. Nbd2 Nh5 10. Bg3 Nxg3 11. fxg3 Be6 12. Qb3 Na5 13. Qc2 Nxc4 14. Nxc4 f6 15. Ne3 d5 16. Nh4 Bc5 17. Rae1 dxe4 18. dxe4 Qd6 19. Kh1 Bxe3 20. Rxe3 Rad8 21. Qf2 Qd2 22. Re2 Qd3 23. Rfe1 Bxa2 24. Nf5 Be6 25. g4 a5 26. h3 b6 27. Ng3 Rd7 28. Nh5 Bf7 29. Ng3 Bg6 30. Nf5 Rfd8 31. Kh2 Qc4 32. Qh4 Bxf5 33. gxf5 Rd2 34. Re3 R8d3 35. Qg3 Rxe3 36. Rxe3 Qc5 37. Rf3 Rd1 38. h4 Qg1+ 39. Kh3 Qe1 40. Qg6 Qh1+ 41. Kg3 Rd8 42. Kf2 Qd1 43. Rg3 Qd7 44. Kg1 Qe7 45. Qxh6 a4 46. h5 Rd1+ 47. Kh2 b5 48. Qg6 Rd7 49. h6 c5 50. hxg7 Qf7 51. Qh6 Qe7 52. Qh8+ 1-0

[Event "January 9 Early 2024"]
[Site "https://www.chess.com"]
[Date "2024.01.11"]
[Round "4"]
[White "Nigalidze, Gaioz"]
[Black "Kjartansson, David"]
[Result "1-0"]
[Board "215"]
[TimeControl "180+1"]
[WhiteFideId "13603078"]
[BlackFideId "2301130"]
[WhiteElo "2669"]
[BlackElo "2417"]
[WhiteTeam "GEO"]
[BlackTeam "ISL"]
[WhiteClock "0:00:06"]
[BlackClock "0:00:05"]

1. e4 c5 2. Nf3 Nc6 3. Bb5 g6 4. O-O Bg7 5. Bxc6 dxc6 6. h3 Nf6 7. d3 Nd7 8. Nbd2 e5 9. a3 Nf8 10. b4 cxb4 11. axb4 Ne6 12. Bb2 Nd4 13. Nxd4 exd4 14. Nb3 O-O 15. Ra5 b6 16. Ra4 Be6 17. Nd2 b5 18. Ra6 Qd7 19. f4 f5 20. e5 Bd5 21. Nf3 Bxf3 22. Qxf3 Rac8 23. Rfa1 Rc7 24. Qf2 Rd8 25. h4 Bf8 26. Qe1 Qe7 27. g3 Rdd7 28. Ba3 Qe6 29. Qf2 h6 30. Qf3 Kg7 31. Kh2 Be7 32. Kh3 Rd8 33. Kg2 g5 34. hxg5 hxg5 35. fxg5 Rh8 36. Rf1 Kg6 37. Bb2 Bxg5 38. Bxd4 Rd8 39. Bc3 Qc8 40. Rh1 Rh7 41. Rxc6+ Qxc6 42. Qxc6+ 1-0

[Event "January 9 Early 2024"]
[Site "https://www.chess.com"]
[Date "2024.01.11"]
[Round "4"]
[White "Kazakouski, Valery"]
[Black "Le, Tuan Minh"]
[Result "0-1"]
[Board "216"]
[TimeControl "180+1"]
[WhiteFideId "13507443"]
[BlackFideId "12401153"]
[WhiteElo "2837"]
[BlackElo "3008"]
[WhiteTeam "LTU"]
[BlackTeam "VIE"]
[WhiteClock "0:00:03"]
[BlackClock "0:00:17"]

1. Nf3 d5 2. c4 c6 3. g3 g6 4. Qa4 d4 5. b4 Bg7 6. d3 e5 7. Bg2 Ne7 8. O-O O-O 9. Qb3 h6 10. a4 Be6 11. Nbd2 Nd7 12. Ba3 f5 13. Rae1 a5 14. b5 c5 15. e3 dxe3 16. Rxe3 g5 17. Rfe1 Ng6 18. d4 e4 19. dxc5 Re8 20. g4 fxg4 21. Rxe4 Ndf8 22. Bc1 gxf3 23. Nxf3 Qc7 24. Be3 Bf7 25. Nd2 Rxe4 26. Nxe4 Nh4 27. Nd6 Nxg2 28. Kxg2 Ng6 29. Qd3 Rf8 30. Nxf7 Qxf7 31. Qd5 Ne5 32. Rc1 Bf6 33. Bd2 Rd8 34. Qxf7+ Kxf7 35. Be3 Ke6 36. h3 Rc8 37. Rc2 Be7 38. c6 bxc6 39. b6 c5 40. b7 Rb8 41. f4 gxf4 42. Bxf4 Rxb7 43. Re2 Bd6 44. Bxh6 Rb4 45. h4 Rxc4 46. Bg5 Rxa4 47. h5 Rg4+ 0-1

[Event "January 9 Early 2024"]
[Site "https://www.chess.com"]
[Date "2024.01.11"]
[Round "4"]
[White "Astafurov, Arseniy"]
[Black "Chan, Wei Xuan Timothy"]
[Result "0-1"]
[Board "217"]
[TimeControl "180+1"]
[WhiteFideId "24175218"]
[BlackFideId "5802032"]
[WhiteElo "2536"]
[BlackElo "2731"]
[WhiteTeam "RUS"]
[BlackTeam "SGP"]
[WhiteClock "0:00:02"]
[BlackClock "0:00:05"]

1. c4 e6 2. Nf3 d5 3. g3 Nf6 4. Bg2 b6 5. O-O Bb7 6. Ne5 Be7 7. Qa4+ c6 8. cxd5 exd5 9. d4 O-O 10. Nc3 Bd6 11. Bf4 Re8 12. Nd3 Ne4 13. Rfe1 Bxf4 14. Nxf4 Nxc3 15. bxc3 Nd7 16. c4 Nf6 17. Rac1 Ne4 18. cxd5 cxd5 19. Qb5 Qd6 20. Rc2 Rec8 21. Rec1 Rxc2 22. Rxc2 h6 23. h4 a6 24. Qb1 b5 25. Qc1 Re8 26. Rc7 Re7 27. Rxe7 Qxe7 28. Bxe4 dxe4 29. h5 Qd7 30. Qc5 e3 31. d5 exf2+ 32. Kxf2 g5 33. hxg6 fxg6 34. Qd4 Qf5 35. e4 Qf7 36. Qe5 g5 37. Ke3 gxf4+ 38. gxf4 Qh5 39. Qe8+ Qxe8 0-1

[Event "January 9 Early 2024"]
[Site "https://www.chess.com"]
[Date "2024.01.11"]
[Round "4"]
[White "Yelisieiev, Yevhenii"]
[Black "Rosenberg, Evan S"]
[Result "0-1"]
[Board "218"]
[TimeControl "180+1"]
[WhiteFideId "14139642"]
[BlackFideId "2019299"]
[WhiteElo "2514"]
[BlackElo "2385"]
[WhiteTeam "GER"]
[BlackTeam "USA"]
[WhiteClock "0:00:02"]
[BlackClock "0:00:33"]

1. d4 d5 2. Nf3 Bf5 3. e3 Nf6 4. Bd3 e6 5. Bxf5 exf5 6. c4 c6 7. cxd5 Nxd5 8. Nc3 Nxc3 9. bxc3 g6 10. Rb1 b6 11. Qb3 Bd6 12. O-O O-O 13. c4 Nd7 14. Bb2 Re8 15. Qc3 Be7 16. Rbd1 Bf6 17. Rfe1 Qc7 18. Qc2 c5 19. d5 Bxb2 20. Qxb2 Ne5 21. Nxe5 Qxe5 22. Qxe5 Rxe5 23. a4 Re4 24. Rc1 Rae8 25. Kf1 Rh4 26. h3 f4 27. e4 f3 28. gxf3 Rxh3 29. Kg2 Rh4 30. Kg3 g5 31. a5 Rf4 32. axb6 axb6 33. Rb1 f5 34. e5 Rxc4 35. Rxb6 Rd4 36. d6 Re6 37. Rc6 c4 38. Rc5 Kf7 39. Ra1 c3 40. Ra7+ Kg6 41. Rxc3 Rxe5 42. Rcc7 f4+ 43. Kg2 Red5 44. d7 Kf6 45. Rcb7 h5 46. Rb6+ Kf5 47. Rbb7 g4 48. fxg4+ hxg4 49. Rb8 Rxd7 50. Rf8+ Ke5 51. Ra5+ R7d5 52. Rxd5+ Rxd5 53. Re8+ Kf5 54. Rf8+ Ke4 55. Rd8 Rxd8 0-1

[Event "January 9 Early 2024"]
[Site "https://www.chess.com"]
[Date "2024.01.11"]
[Round "4"]
[White "Sveshnikov, Vladimir"]
[Black "Abdulrahman Mohammad, Al Taher"]
[Result "1-0"]
[Board "219"]
[TimeControl "180+1"]
[WhiteFideId "11601884"]
[BlackFideId "9310258"]
[WhiteElo "1943"]
[BlackElo "2212"]
[WhiteTeam "LAT"]
[BlackTeam "UAE"]
[WhiteClock "0:00:13"]
[BlackClock "0:00:01"]

1. e4 c5 2. d4 cxd4 3. Qxd4 Nc6 4. Qd3 g6 5. Nf3 Bg7 6. Be2 d6 7. O-O Nf6 8. Re1 O-O 9. a3 Be6 10. Bf1 Rc8 11. Nc3 Nd7 12. Bg5 Nc5 13. Qd2 Bg4 14. Be2 Bxc3 15. Qxc3 Nxe4 16. Qe3 Nxg5 17. Nxg5 Bxe2 18. Rxe2 h6 19. Ne4 Kg7 20. Rd1 Qb6 21. Qxb6 axb6 22. Nc3 Rfe8 23. Nd5 b5 24. f4 Rcd8 25. Nc7 Rf8 26. Nxb5 d5 27. c3 e6 28. Nd4 Rc8 29. g4 Na5 30. f5 exf5 31. gxf5 Nc4 32. fxg6 Kxg6 33. Kh1 Kh7 34. Rf1 Nd6 35. Re5 Nc4 36. Rxd5 Nxb2 37. Rd7 Rxc3 38. Rxb7 Rxa3 39. Ne6 Re8 40. Rbxf7+ Kg8 41. Rg1+ Kh8 42. Nf4 1-0

[Event "January 9 Early 2024"]
[Site "https://www.chess.com"]
[Date "2024.01.11"]
[Round "4"]
[White "Costachi, Mihnea"]
[Black "Van Foreest, Jorden"]
[Result "1-0"]
[Board "220"]
[TimeControl "180+1"]
[WhiteFideId "1217518"]
[BlackFideId "1039784"]
[WhiteElo "2872"]
[BlackElo "3012"]
[WhiteTeam "ROU"]
[BlackTeam "NED"]
[WhiteClock "0:00:04"]
[BlackClock "0:00:02"]

1. Nc3 d5 2. d4 c5 3. e4 dxe4 4. Bb5+ Bd7 5. dxc5 Nf6 6. Be3 a6 7. Bxd7+ Nbxd7 8. b4 g6 9. Nge2 Bg7 10. O-O O-O 11. Rb1 Qc7 12. Nd5 Nxd5 13. Qxd5 Nf6 14. Qc4 Rad8 15. a4 Ng4 16. Bf4 e5 17. Bg5 Bf6 18. Bxf6 Nxf6 19. Rfd1 h5 20. Nc3 Rxd1+ 21. Rxd1 Rd8 22. Nd5 Nxd5 23. Rxd5 Rxd5 24. Qxd5 a5 25. b5 Qe7 26. b6 Qg5 27. Qd1 e3 28. c6 Qf6 29. cxb7 Qxf2+ 30. Kh1 e2 31. b8=Q+ Kh7 32. Qxe2 Qxe2 33. h3 Qf1+ 34. Kh2 Qf4+ 35. Kh1 Qf1+ 36. Kh2 e4 37. b7 e3 38. Qe5 f6 39. Qe7+ Kh6 40. b8=Q e2 41. Qh8+ Kg5 42. h4+ Kg4 43. Qhxf6 Qxf6 44. Qxf6 e1=Q 45. Qg5# 1-0

[Event "January 9 Early 2024"]
[Site "https://www.chess.com"]
[Date "2024.01.11"]
[Round "4"]
[White "Benedetti, Julio"]
[Black "Recuero Guerra, Javier"]
[Result "1-0"]
[Board "221"]
[TimeControl "180+1"]
[WhiteFideId "172545"]
[BlackFideId "2254085"]
[WhiteElo "2509"]
[BlackElo "2306"]
[WhiteTeam "ARG"]
[BlackTeam "ESP"]
[WhiteClock "0:00:02"]
[BlackClock "0:00:03"]

1. e4 c5 2. Nc3 e6 3. Bc4 a6 4. a4 Nc6 5. f4 Nge7 6. d3 d5 7. Ba2 g6 8. Nf3 Bg7 9. O-O O-O 10. Qe1 Nd4 11. Bb1 Nec6 12. e5 Bd7 13. Ne2 b5 14. Nexd4 cxd4 15. b3 Rc8 16. axb5 axb5 17. Bb2 Qb6 18. Qf2 Nb4 19. Bxd4 Qc6 20. c3 Na6 21. b4 Nc7 22. Bc5 Rfe8 23. Nd4 Qb7 24. Ra7 Qb8 25. Nb3 Bc6 26. Bc2 d4 27. Nxd4 Nd5 28. Nxc6 Rxc6 29. Qd4 Rd8 30. Bd6 Qc8 31. Rfa1 Rcxd6 32. Qc5 Qxc5+ 33. bxc5 Rc6 34. d4 Nxc3 35. Rb7 h5 36. Raa7 Rf8 37. Bxg6 Bh6 38. Bxf7+ Kh8 39. Bxh5 Rxf4 40. Rh7+ Kg8 41. Rxh6 1-0

[Event "January 9 Early 2024"]
[Site "https://www.chess.com"]
[Date "2024.01.11"]
[Round "4"]
[White "Barbot, Pierre"]
[Black "Von Buelow, Georg"]
[Result "0-1"]
[Board "222"]
[TimeControl "180+1"]
[WhiteFideId "663727"]
[BlackFideId "4620658"]
[WhiteElo "2289"]
[BlackElo "2120"]
[WhiteTeam "FRA"]
[BlackTeam "GER"]
[WhiteClock "0:00:05"]
[BlackClock "0:00:08"]

1. d4 Nf6 2. Nf3 d5 3. Bf4 c5 4. e3 Nc6 5. Nbd2 cxd4 6. exd4 Qb6 7. Nb3 g6 8. c3 Bg7 9. Bd3 O-O 10. O-O Re8 11. h3 e6 12. a4 a6 13. a5 Qd8 14. Nc5 Nd7 15. Bd6 Nxc5 16. Bxc5 Nxa5 17. b4 Nc6 18. b5 Nb8 19. b6 Nd7 20. Qb3 Nxc5 21. dxc5 Bd7 22. Rad1 Qc8 23. Qa3 Bf8 24. c4 Bxc5 25. Qb3 Bc6 26. Ne5 Bf8 27. Nxc6 Qxc6 28. cxd5 exd5 29. Rd2 Rac8 30. Be2 Red8 31. Bf3 Qc3 32. Qxc3 Rxc3 33. Rxd5 Be7 34. Rfd1 Rxd5 35. Bxd5 Bc5 36. Bxb7 Bxb6 37. Bxa6 Kg7 38. Kf1 Rc2 39. Be2 Bc5 40. f3 h5 41. g4 h4 42. f4 Be3 43. Rd3 Bxf4 44. Bf3 Bg3 45. Bg2 Rf2+ 46. Kg1 Re2 47. Kf1 Re1# 0-1

[Event "January 9 Early 2024"]
[Site "https://www.chess.com"]
[Date "2024.01.11"]
[Round "4"]
[White "Demchenko, Anton"]
[Black "Janaszak, Dawid"]
[Result "1-0"]
[Board "223"]
[TimeControl "180+1"]
[WhiteFideId "4160258"]
[BlackFideId "1119206"]
[WhiteElo "2924"]
[BlackElo "2624"]
[WhiteTeam "SLO"]
[BlackTeam "POL"]
[WhiteClock "0:00:20"]
[BlackClock "0:00:14"]

1. e4 c5 2. Nf3 Nc6 3. Bb5 e5 4. O-O Nge7 5. d3 g6 6. Be3 d6 7. b4 cxb4 8. a3 bxa3 9. Nxa3 Bg7 10. Nc4 O-O 11. Bb6 Qd7 12. Bxa7 Qe6 13. Be3 Rxa1 14. Qxa1 d5 15. Nb6 dxe4 16. dxe4 Qg4 17. Nxc8 Rxc8 18. Bc4 Nd4 19. Bxd4 exd4 20. Qa2 h6 21. Bxf7+ Kh7 22. Re1 Qf4 23. Bc4 Nc6 24. Bd3 Ne5 25. Nxe5 Bxe5 26. g3 Qd2 27. Rb1 Rc7 28. Qd5 Bg7 29. Rxb7 Rxb7 30. Qxb7 h5 31. h4 Kh6 32. Qc6 Qc3 33. Qxc3 dxc3 34. f4 Bd4+ 35. Kg2 Kg7 36. e5 Kf7 37. Kf3 Bc5 38. g4 hxg4+ 39. Kxg4 Be3 40. Bc4+ Kg7 41. Kg3 Bd2 42. Be2 Be1+ 43. Kg4 Kf7 44. h5 gxh5+ 45. Kxh5 Ke6 46. Kg4 Bd2 47. Bc4+ Ke7 48. f5 Be3 49. f6+ Kf8 50. Kf5 Bc5 51. e6 Bb4 52. Ke4 Bc5 53. Bb5 Bb4 54. Kd5 Ba3 55. Kc6 Bb4 56. Kd7 1-0

[Event "January 9 Early 2024"]
[Site "https://www.chess.com"]
[Date "2024.01.11"]
[Round "4"]
[White "Kokoszczynski, Jan"]
[Black "Tymrakiewicz, Rafal"]
[Result "1-0"]
[Board "224"]
[TimeControl "180+1"]
[WhiteFideId "1174460"]
[BlackFideId "1108832"]
[WhiteElo "2570"]
[BlackElo "2386"]
[WhiteTeam "POL"]
[BlackTeam "POL"]
[WhiteClock "0:00:01"]
[BlackClock "0:00:01"]

1. d4 d5 2. Nf3 Bf5 3. Bf4 e6 4. e3 c5 5. Nbd2 Nc6 6. c3 h6 7. Bb5 Nf6 8. Qa4 Rc8 9. Ne5 Qb6 10. O-O Be7 11. h3 O-O 12. Rac1 a6 13. Bxc6 bxc6 14. b3 Qb5 15. Qa3 Rfe8 16. Qb2 c4 17. Qa1 cxb3 18. axb3 Ne4 19. c4 Qb7 20. Nxe4 Bxe4 21. c5 Ra8 22. Qc3 f6 23. Nf3 Bxf3 24. gxf3 Bf8 25. Bg3 Qf7 26. Ra1 Qh5 27. Ra4 Qxh3 28. Rfa1 e5 29. Rxa6 Rxa6 30. Rxa6 Re6 31. b4 h5 32. b5 h4 33. Bh2 f5 34. Rxc6 Rxc6 35. bxc6 f4 36. c7 g5 37. dxe5 Qf5 38. e6 h3 39. Qe1 fxe3 40. c8=Q Qxf3 41. Qf1 e2 42. Qxf8+ Kxf8 43. e7+ Ke8 44. Qxh3 1-0

[Event "January 9 Early 2024"]
[Site "https://www.chess.com"]
[Date "2024.01.11"]
[Round "4"]
[White "Narayanan S L"]
[Black "Sychev, Klementy"]
[Result "1/2-1/2"]
[Board "225"]
[TimeControl "180+1"]
[WhiteFideId "5058422"]
[BlackFideId "4114060"]
[WhiteElo "3014"]
[BlackElo "2819"]
[WhiteTeam "IND"]
[BlackTeam "FID"]
[WhiteClock "0:00:14"]
[BlackClock "0:00:04"]

1. c4 e5 2. Nc3 f5 3. g3 Nf6 4. Bg2 Nc6 5. d3 Bb4 6. Bg5 Bxc3+ 7. bxc3 h6 8. Bxf6 Qxf6 9. Nf3 e4 10. Nd2 exd3 11. O-O O-O 12. Rc1 dxe2 13. Qxe2 d6 14. c5 dxc5 15. Qc4+ Be6 16. Qxc5 Rad8 17. Nb3 f4 18. Rfe1 Bxb3 19. axb3 Rd2 20. Bd5+ Kh8 21. Bxc6 bxc6 22. Re6 Qd8 23. Rf1 Re8 24. Qxc6 Rxe6 25. Qxe6 f3 26. Qe4 Qd3 27. Qxd3 Rxd3 28. Rc1 a5 29. h3 h5 30. Ra1 Rxc3 31. Rxa5 g6 32. g4 h4 33. b4 Rc1+ 34. Kh2 Rf1 35. Ra2 Kg7 36. Rc2 Kf6 37. b5 Ke5 38. g5 Kf5 39. b6 cxb6 40. Rc5+ Ke6 41. Re5+ Kd6 42. Rd5+ Kc6 43. Rd6+ Kb7 44. Rxb6+ Kxb6 1/2-1/2

[Event "January 9 Early 2024"]
[Site "https://www.chess.com"]
[Date "2024.01.11"]
[Round "4"]
[White "Pogorelskikh, Sofia"]
[Black "Alexanian, Nelli"]
[Result "1-0"]
[Board "226"]
[TimeControl "180+1"]
[WhiteFideId "44164548"]
[BlackFideId "4170539"]
[WhiteElo "2279"]
[BlackElo "1944"]
[WhiteTeam "SRB"]
[BlackTeam "TUR"]
[WhiteClock "0:00:03"]
[BlackClock "0:00:01"]

1. e4 e6 2. d4 d5 3. Nc3 Bb4 4. e5 c5 5. a3 Bxc3+ 6. bxc3 Ne7 7. a4 Qa5 8. Bd2 Nbc6 9. Qg4 Bd7 10. Nf3 O-O-O 11. dxc5 Qxc5 12. Bd3 f6 13. Qxg7 Rhg8 14. Qxf6 Rxg2 15. Be3 Qxc3+ 16. Ke2 d4 17. Bd2 Qc5 18. Rhg1 Rdg8 19. Bxh7 Nd5 20. Qf7 Qc4+ 21. Bd3 Nc3+ 22. Bxc3 Qxc3 23. Rxg2 Rxg2 24. Qf8+ Nd8 25. Rd1 Bc6 26. Nd2 b5 27. axb5 Bd5 28. Rb1 Rxf2+ 29. Qxf2 Qc5 30. Qg3 Qe7 31. Rg1 Qf7 32. Qf2 Qh5+ 33. Ke1 Qxe5+ 34. Kf1 Qh5 35. Ne4 Qd1+ 36. Kg2 Qg4+ 37. Kh1 Bxe4+ 38. Bxe4 1-0

[Event "January 9 Early 2024"]
[Site "https://www.chess.com"]
[Date "2024.01.11"]
[Round "4"]
[White "Manukian, Artak"]
[Black "Javakhadze, Zurab"]
[Result "1-0"]
[Board "227"]
[TimeControl "180+1"]
[WhiteFideId "13301373"]
[BlackFideId "13603647"]
[WhiteElo "2504"]
[BlackElo "2686"]
[WhiteTeam "ARM"]
[BlackTeam "GEO"]
[WhiteClock "0:00:05"]
[BlackClock "0:00:04"]

1. e4 e5 2. Nf3 Nc6 3. d4 exd4 4. Nxd4 Nf6 5. Nxc6 bxc6 6. e5 Qe7 7. Qe2 Nd5 8. c4 Ba6 9. b3 g6 10. g3 Bg7 11. Bb2 O-O 12. Bg2 Rae8 13. O-O Bxe5 14. Qxe5 Qxe5 15. Bxe5 Rxe5 16. cxd5 Bxf1 17. Kxf1 cxd5 18. Nc3 c6 19. Rc1 Ra8 20. Na4 Kf8 21. Nc5 Ke8 22. f4 Re7 23. Kf2 Kd8 24. Nd3 a5 25. Rc5 a4 26. b4 a3 27. Rc3 Re8 28. b5 Re6 29. Nc5 Rf6 30. b6 Rb8 31. Rb3 d6 32. Nd3 Re6 33. Ne1 Re7 34. Nc2 Reb7 35. Rxa3 Rxb6 36. Nd4 c5 37. Nb3 d4 38. Bd5 Rb4 39. Ra7 d3 40. Ke3 c4 41. Nd4 Rb2 42. Nc6+ Ke8 43. Nxb8 Re2+ 44. Kf3 Re1 45. Bxc4 d2 46. Bb3 Rb1 47. Ke2 Rxb3 48. axb3 1-0

[Event "January 9 Early 2024"]
[Site "https://www.chess.com"]
[Date "2024.01.11"]
[Round "4"]
[White "Korol, Dimitry"]
[Black "Boldoo, Erdenepurev"]
[Result "0-1"]
[Board "228"]
[TimeControl "180+1"]
[WhiteFideId "14108003"]
[BlackFideId "4901037"]
[WhiteElo "2339"]
[BlackElo "2558"]
[WhiteTeam "UKR"]
[BlackTeam "MGL"]
[WhiteClock "0:00:03"]
[BlackClock "0:00:11"]

1. d4 Nf6 2. c4 g6 3. Nc3 Bg7 4. e4 d6 5. Nf3 O-O 6. Be2 e5 7. dxe5 dxe5 8. Qxd8 Rxd8 9. Bg5 Re8 10. O-O-O c6 11. Nxe5 Na6 12. Rd6 Be6 13. f4 h6 14. Bh4 Nc5 15. Bf3 g5 16. Bf2 Na6 17. g3 gxf4 18. gxf4 Kh7 19. Rhd1 h5 20. Kc2 Ng4 21. Nxg4 hxg4 22. Be2 Nb4+ 23. Kb3 a5 24. a3 Na6 25. Kc2 Bf8 26. R6d2 f5 27. e5 Be7 28. Na4 Kg6 29. Nb6 Rad8 30. Rxd8 Rxd8 31. Rxd8 Bxd8 32. Kc3 Nc7 33. b4 axb4+ 34. axb4 Be7 35. c5 Kf7 36. Be3 Bd5 37. Bc4 Ke6 38. Kd4 Bxc4 39. Kxc4 Bd8 40. Bf2 Ne8 41. Nc8 Nc7 42. Nd6 Kd7 43. Nxf5 Ne6 44. Be3 Nc7 45. Nd6 Nd5 46. Bd2 b5+ 47. Kb3 Ke6 0-1